 Dungeon Crawl Stone Soup version 0.29-a0-330-g52719c12eb (webtiles) character file.

Game seed: 14498774480245196327

2349 sanka the Ruffian (level 9, -4/74 HPs)
             Began as a Gnoll Cinder Acolyte on May 9, 2022.
             Was a High Priest of Ignis.
             Slain by a boulder beetle (21 damage)
             ... on level 7 of the Dungeon.
             The game lasted 00:10:37 (7531 turns).

sanka the Ruffian (Gnoll Cinder Acolyte)            Turns: 7531, Time: 00:10:38

Health: -4/74      AC:  6    Str: 19    XL:     9   Next: 43%
Magic:  1/16       EV: 13    Int: 20    God:    Ignis [*****.]
Gold:   310        SH:  0    Dex: 11    Spells: 16/18 levels left

rFire   + . .      SeeInvis .   p - +9 whip of Zoget {vorpal, *Rage rElec Str+5}
rCold   . . .      Faith    .   (no shield)
rNeg    . . .      Spirit   .   a - +0 robe
rPois   .          Reflect  .   (no helmet)
rElec   +          Harm     .   (no cloak)
rCorr   .          Rampage  .   (no gloves)
Will    .....      Rage     20% (no boots)
Stlth   ++........              j - amulet of the acrobat
HPRegen 0.22/turn               i - +6 ring of intelligence
MPRegen 0.15/turn               f - +4 ring of protection

@: no status effects
A: fangs 1, strong nose, distributed training
a: Renounce Religion, Fiery Armour, Foxfire Swarm, Rising Flame


You were on level 7 of the Dungeon.
You worshipped Ignis.
Ignis was extremely pleased with you.
You visited 2 branches of the dungeon, and saw 8 of its levels.

You collected 365 gold pieces.
You spent 55 gold pieces at shops.


Innate Abilities, Weirdness & Mutations

You have very sharp teeth.
Your uncanny sense of smell can sniff out nearby items.
Your experience applies equally to all skills.


   Skills:
 + Level 7.9 Fighting
 + Level 4.2 Short Blades
 + Level 4.2 Long Blades
 + Level 4.2 Axes
 + Level 4.2 Maces & Flails
 + Level 4.2 Polearms
 + Level 4.2 Staves
 + Level 4.2 Slings
 + Level 4.2 Bows
 + Level 4.2 Crossbows
 + Level 4.2 Throwing
 + Level 4.2 Armour
 + Level 4.2 Dodging
 + Level 4.2 Stealth
 + Level 4.2 Shields
 + Level 7.9 Unarmed Combat
 + Level 5.1 Spellcasting
 + Level 3.5 Conjurations
 + Level 3.5 Hexes
 + Level 3.5 Summonings
 + Level 3.5 Necromancy
 + Level 3.5 Translocations
 + Level 3.5 Transmutations
 + Level 6.5 Fire Magic
 + Level 3.5 Ice Magic
 + Level 3.5 Air Magic
 + Level 3.5 Earth Magic
 + Level 3.5 Poison Magic
 + Level 4.6 Invocations
 + Level 4.2 Evocations


You had 16 spell levels left.
You knew the following spells:

 Your Spells              Type           Power      Damage    Failure   Level
y - Scorch                Fire           62%        2d8       1%          2

Your spell library contained the following spells:

 Spells                   Type           Power      Damage    Failure   Level
 Sting                    Tmut/Pois      76%        1d6       2%          1
 Poisonous Vapours        Pois/Air       38%        N/A       4%          2
 Olgreb's Toxic Radiance  Pois           19%        N/A       26%         4
 Blade Hands              Tmut           9%         N/A       58%         5
 Irradiate                Conj/Tmut      9%         3d16      58%         5
 Dragon Form              Tmut           9%         N/A       100%        7

Inventory:

Hand Weapons
 b - a +3 dagger
 p - the +9 whip of Zoget (weapon) {vorpal, *Rage rElec Str+5}

   It inflicts extra damage upon your enemies.
   Str:       It affects your strength (+5).
   rElec:     It insulates you from electricity.
   *Rage:     It berserks you when you make melee attacks (+20% chance).
 x - a +1 whip of electrocution
 J - a +4 dire flail
Missiles
 t - 8 poisoned darts
Armour
 a - a +0 robe (worn)
 r - a +0 pair of gloves
Jewellery
 d - a ring of wizardry
 f - a +4 ring of protection (right hand)
 i - a +6 ring of intelligence (left hand)
 j - an amulet of the acrobat (around neck)
 l - a ring of see invisible
 E - a ring of positive energy
 I - a +6 ring of strength
 K - an amulet of magic regeneration
Wands
 v - a wand of paralysis (8)
 G - a wand of iceblast (9)
Scrolls
 e - a scroll of teleportation {@r4}
 s - a scroll of acquirement {unknown}
 u - 2 scrolls of vulnerability {unknown}
 w - a scroll of immolation {unknown}
 y - 3 scrolls of amnesia {unknown}
 A - a scroll of holy word {unknown}
 C - 2 scrolls of magic mapping {unknown}
 D - a scroll of enchant armour {unknown}
 F - a scroll of fog {unknown}
 H - a scroll of noise {unknown}
Potions
 c - a potion of berserk rage {unknown}
 g - 4 potions of curing {@q1}
 h - 4 potions of heal wounds {unknown}
 k - 2 potions of haste {unknown}
 m - a potion of degeneration {unknown}
 n - a potion of ambrosia {unknown}
 o - 2 potions of attraction {unknown}
 q - a potion of resistance
 z - 3 potions of mutation {unknown}
 B - 2 potions of brilliance {unknown}

Dungeon Overview and Level Annotations

Branches:
Dungeon (7/15)             Temple (1/1) D:4

Altars:
Ashenzari
Cheibriados
Dithmenos
Elyvilon
Fedhas
Gozag
Hepliaklqana
Kikubaaqudgha
Makhleb
Nemelex Xobeh
Okawaru
Qazlal
Ru
Sif Muna
Trog
Uskayaw
Vehumet
Wu Jian
Xom
Yredelemnul
Zin
The Shining One

Shops:
D:2

* ▒.▒.▒
▒▒...▒.▒..▒ ▒▒.▒.▒
▒..▒▒▒....▒
▒..▒.▒▒▒.▒▒▒▒....▒
▒.▒▒........▒....▒
▒.............▒▒.▒
▒............▒▒▒.▒
▒▒▒...▒.......▒
▒.▒
▒.....▒.......▒
▒.▒
▒..g..▒▒▒▒.▒▒▒▒
▒.▒▒ ▒..)B.▒ ▒.▒
▒..▒ ▒.....▒ ..▒
▒▒.▒ ▒.....▒ ▒.▒▒
▒.▒ ▒.....▒ ▒. ▒.▒
▒...... ▒..
▒▒▒▒▒▒.. ▒▒▒ ...


You could see a boulder beetle (combustible).


Message History

The centaur hits you but does no damage.
The centaur closely misses you.
Flames lash the boulder beetle but do no damage.
The boulder beetle barely misses you. The centaur closely misses you.
The centaur misses you.
Flames lash the centaur.
The centaur is burned terribly!
You kill the centaur!
The boulder beetle barely misses you.
Flames lash the boulder beetle.
The boulder beetle is lightly wounded.
The boulder beetle's fire resistance burns away.
The boulder beetle bites you but does no damage.
Flames lash the boulder beetle but do no damage.
The boulder beetle waves its antennae.
The boulder beetle bites you.
Flames lash the boulder beetle.
The boulder beetle is burned terribly!
The boulder beetle is lightly wounded.
The boulder beetle bites you!!
* * * LOW HITPOINT WARNING * * *
Flames lash the boulder beetle.
The boulder beetle is burned terribly!
The boulder beetle is moderately wounded.
The boulder beetle bites you.
* * * LOW HITPOINT WARNING * * *
Flames lash the boulder beetle but do no damage.
The boulder beetle bites you!!
You die...

Action                   |  1- 3 |  4- 6 |  7- 9 || total
-------------------------+-------+-------+-------++-------
Melee: Unarmed           |    83 |    10 |       ||    93
       Bite              |     7 |     6 |     6 ||    19
       Punch             |     2 |     2 |     3 ||     7
       Whip              |       |    80 |   109 ||   189
Throw: Dart              |       |       |     3 ||     3
 Cast: Scorch            |    12 |    13 |    16 ||    41
  Use: Scroll            |     1 |       |       ||     1
 Stab: Sleeping          |     2 |       |     4 ||     6
Armor: Robe              |    25 |    22 |    30 ||    77
Dodge: Dodged            |    44 |    51 |    86 ||   181

Levels and vault maps discovered:
D:1:      scummos_arrival_gate, layout_rooms, serial_glass, glass_columns_c,
          glass_columns_a
D:2:      layout_loops_ring, serial_shops, nicolae_square_shop,
          shapermc_ecumenical_altar_mp_highgroup, minmay_misc_feat_five
D:3:      layout_loops_ring
D:4:      layout_gridville, bloody_makhleb, minmay_temple_entry_slanted,
          minmay_misc_feat_roman, uniq_pargi, uniq_pikel
D:5:      layout_loops_corners, mainiacjoe_overflow_alcove_3,
          minmay_misc_feat_diagonals, kennysheep_generic_room_8
D:6:      layout_cave_pools
D:7:      layout_rooms, uniq_prince_ribbit1
Temple:   bh_familiar_temple

Notes
Turn   | Place    | Note
-------+----------+-------------------------------------------
     0 | D:1      | sanka the Gnoll Cinder Acolyte began the quest for the Orb.
     0 | D:1      | Reached XP level 1. HP: 23/23 MP: 4/4
   214 | D:1      | Reached XP level 2. HP: 26/29 MP: 5/5
   224 | D:1      | Learned a level 2 spell: Scorch
   757 | D:1      | Reached XP level 3. HP: 34/35 MP: 7/7
  1142 | D:2      | Found a faded altar of an unknown god.
  1288 | D:2      | Reached skill level 1 in Invocations
  1530 | D:2      | Found Vuemus's General Store.
  1540 | D:2      | Bought a potion of curing for 33 gold pieces
  1540 | D:2      | Bought a scroll of identify for 22 gold pieces
  1760 | D:3      | Reached skill level 1 in Short Blades
  1760 | D:3      | Reached skill level 1 in Long Blades
  1760 | D:3      | Reached skill level 1 in Axes
  1760 | D:3      | Reached skill level 1 in Maces & Flails
  1760 | D:3      | Reached skill level 1 in Polearms
  1760 | D:3      | Reached skill level 1 in Staves
  1760 | D:3      | Reached skill level 1 in Slings
  1760 | D:3      | Reached skill level 1 in Bows
  1760 | D:3      | Reached skill level 1 in Crossbows
  1760 | D:3      | Reached skill level 1 in Throwing
  1760 | D:3      | Reached skill level 1 in Armour
  1760 | D:3      | Reached skill level 1 in Dodging
  1760 | D:3      | Reached skill level 1 in Stealth
  1760 | D:3      | Reached skill level 1 in Shields
  1760 | D:3      | Reached skill level 1 in Evocations
  1813 | D:3      | Reached XP level 4. HP: 41/41 MP: 8/8
  1940 | D:3      | Reached skill level 3 in Spellcasting
  2055 | D:3      | Reached skill level 1 in Conjurations
  2055 | D:3      | Reached skill level 1 in Hexes
  2055 | D:3      | Reached skill level 1 in Summonings
  2055 | D:3      | Reached skill level 1 in Necromancy
  2055 | D:3      | Reached skill level 1 in Translocations
  2055 | D:3      | Reached skill level 1 in Transmutations
  2055 | D:3      | Reached skill level 1 in Ice Magic
  2055 | D:3      | Reached skill level 1 in Air Magic
  2055 | D:3      | Reached skill level 1 in Earth Magic
  2055 | D:3      | Reached skill level 1 in Poison Magic
  2056 | D:3      | Reached XP level 5. HP: 36/47 MP: 1/9
  2463 | D:3      | Identified the +9 whip of Zoget {vorpal, *Rage rElec Str+5}
  2910 | D:3      | Identified the +3 hand axe "Fufoc" {vorpal, rCorr MP-9
                  | Str+6}
  3213 | D:4      | Found a burning altar of Makhleb.
  3356 | D:4      | Reached XP level 6. HP: 53/53 MP: 10/10
  3358 | D:4      | Reached skill level 2 in Invocations
  3569 | D:4      | Found a staircase to the Ecumenical Temple.
  3642 | Temple   | Entered the Ecumenical Temple
  3876 | D:4      | Noticed Pikel
  3962 | D:4      | Killed Pikel
  3963 | D:4      | Reached skill level 7 in Fighting
  3963 | D:4      | Reached skill level 2 in Short Blades
  3963 | D:4      | Reached skill level 2 in Long Blades
  3963 | D:4      | Reached skill level 2 in Axes
  3963 | D:4      | Reached skill level 2 in Maces & Flails
  3963 | D:4      | Reached skill level 2 in Polearms
  3963 | D:4      | Reached skill level 2 in Staves
  3963 | D:4      | Reached skill level 2 in Slings
  3963 | D:4      | Reached skill level 2 in Bows
  3963 | D:4      | Reached skill level 2 in Crossbows
  3963 | D:4      | Reached skill level 2 in Throwing
  3963 | D:4      | Reached skill level 2 in Armour
  3963 | D:4      | Reached skill level 2 in Dodging
  3963 | D:4      | Reached skill level 2 in Stealth
  3963 | D:4      | Reached skill level 2 in Shields
  3963 | D:4      | Reached skill level 7 in Unarmed Combat
  3963 | D:4      | Reached skill level 2 in Conjurations
  3963 | D:4      | Reached skill level 2 in Hexes
  3963 | D:4      | Reached skill level 2 in Summonings
  3963 | D:4      | Reached skill level 2 in Necromancy
  3963 | D:4      | Reached skill level 2 in Translocations
  3963 | D:4      | Reached skill level 2 in Transmutations
  3963 | D:4      | Reached skill level 2 in Ice Magic
  3963 | D:4      | Reached skill level 2 in Air Magic
  3963 | D:4      | Reached skill level 2 in Earth Magic
  3963 | D:4      | Reached skill level 2 in Poison Magic
  3963 | D:4      | Reached skill level 2 in Evocations
  3963 | D:4      | Reached XP level 7. HP: 38/60 MP: 12/12
  4325 | D:4      | Reached skill level 4 in Spellcasting
  4325 | D:4      | Reached skill level 3 in Invocations
  4387 | D:4      | Noticed Pargi
  4395 | D:4      | Reached skill level 6 in Fire Magic
  4395 | D:4      | Reached XP level 8. HP: 41/67 MP: 14/14
  4398 | D:4      | Killed Pargi
  4399 | D:4      | Reached skill level 3 in Short Blades
  4399 | D:4      | Reached skill level 3 in Long Blades
  4399 | D:4      | Reached skill level 3 in Axes
  4399 | D:4      | Reached skill level 3 in Maces & Flails
  4399 | D:4      | Reached skill level 3 in Polearms
  4399 | D:4      | Reached skill level 3 in Staves
  4399 | D:4      | Reached skill level 3 in Slings
  4399 | D:4      | Reached skill level 3 in Bows
  4399 | D:4      | Reached skill level 3 in Crossbows
  4399 | D:4      | Reached skill level 3 in Throwing
  4399 | D:4      | Reached skill level 3 in Armour
  4399 | D:4      | Reached skill level 3 in Dodging
  4399 | D:4      | Reached skill level 3 in Stealth
  4399 | D:4      | Reached skill level 3 in Shields
  4399 | D:4      | Reached skill level 3 in Evocations
  4883 | D:5      | Entered Level 5 of the Dungeon
  5920 | D:5      | Found a radiant altar of Vehumet.
  5921 | D:5      | Found an iron altar of Okawaru.
  5922 | D:5      | Found a blossoming altar of Fedhas.
  5923 | D:5      | Found a stormy altar of Qazlal.
  6438 | D:6      | Reached skill level 4 in Invocations
  6507 | D:6      | Reached skill level 3 in Conjurations
  6507 | D:6      | Reached skill level 3 in Hexes
  6507 | D:6      | Reached skill level 3 in Summonings
  6507 | D:6      | Reached skill level 3 in Necromancy
  6507 | D:6      | Reached skill level 3 in Translocations
  6507 | D:6      | Reached skill level 3 in Transmutations
  6507 | D:6      | Reached skill level 3 in Ice Magic
  6507 | D:6      | Reached skill level 3 in Air Magic
  6507 | D:6      | Reached skill level 3 in Earth Magic
  6507 | D:6      | Reached skill level 3 in Poison Magic
  6958 | D:7      | Reached XP level 9. HP: 72/72 MP: 16/16
  7208 | D:7      | Reached skill level 4 in Short Blades
  7208 | D:7      | Reached skill level 4 in Long Blades
  7208 | D:7      | Reached skill level 4 in Axes
  7208 | D:7      | Reached skill level 4 in Maces & Flails
  7208 | D:7      | Reached skill level 4 in Polearms
  7208 | D:7      | Reached skill level 4 in Staves
  7208 | D:7      | Reached skill level 4 in Slings
  7208 | D:7      | Reached skill level 4 in Bows
  7208 | D:7      | Reached skill level 4 in Crossbows
  7208 | D:7      | Reached skill level 4 in Throwing
  7208 | D:7      | Reached skill level 4 in Armour
  7208 | D:7      | Reached skill level 4 in Dodging
  7208 | D:7      | Reached skill level 4 in Stealth
  7208 | D:7      | Reached skill level 4 in Shields
  7208 | D:7      | Reached skill level 4 in Evocations
  7209 | D:7      | Reached skill level 5 in Spellcasting
  7349 | D:7      | Noticed Prince Ribbit
  7359 | D:7      | Killed Prince Ribbit
  7519 | D:7      | Noticed a boulder beetle
  7531 | D:7      | Slain by a boulder beetle

Vanquished Creatures
  Pikel (D:4)
  Prince Ribbit (D:7)
  Pargi (D:4)
  A black bear (D:4)
  An ogre (D:6)
  2 centaurs (D:7)
  A lemure (D:4)
  2 bullfrogs
  A necrophage (D:7)
  3 scorpions (D:5)
  5 wights (D:7)
  2 hounds
  A jelly (D:6)
  4 orc priests
  A gnoll shaman (D:5)
  3 iguanas
  4 orc wizards
  7 adders
  5 gnolls (D:5)
  A shadow imp (D:5)
  A white imp (D:6)
  A worm (D:5)
  4 dart slugs
  19 orcs
  4 ball pythons
  7 endoplasms
  3 giant cockroaches
  2 goblins
  8 hobgoblins
  7 jackals (D:4)
  5 quokkas
  4 bats
  2 frilled lizards (D:3)
  8 kobolds
  7 rats
129 creatures vanquished.
